 Dungeon Crawl Stone Soup version 0.21-a0-88-g13b9641 (webtiles) character file.

929 graymark the Agent of Entropy (level 7, -1/55 HPs)
             Began as a Demonspawn Abyssal Knight on June 26, 2017.
             Was a Priest of Lugonu.
             Slain by a worker ant (3 damage)
             ... on level 5 of the Dungeon.
             The game lasted 00:31:16 (9003 turns).

graymark the Agent of Entropy (DsAK)                Turns: 9003, Time: 00:31:16

Health: -1/55      AC:  4    Str: 15    XL:     7   Next: 85%
Magic:  11/11      EV: 15    Int: 17    God:    Lugonu [***...]
Gold:   196        SH:  0    Dex: 12    Spells: 6/6 levels left

rFire    + . .     SeeInvis .   D - +0 war axe (curse)
rCold    . . .     Gourm    .   (no shield)
rNeg     . . .     Faith    .   b - +1 leather armour
rPois    .         Spirit   .   (helmet restricted)
rElec    +         Reflect  .   A - scarf {cloud immunity}
rCorr    .         Harm     .   (no gloves)
MR       .....                  (no boots)
Stlth    +.........             (no amulet)
HPRegen  0.00/turn              d - +3 ring of evasion
MPRegen  0.12/turn              z - ring of protection from fire

@: lethally poisoned (-1 -> -6), drained
A: horns 2, clever 2, electricity resistance, inhibited regeneration, rot
immunity
a: Depart the Abyss, Bend Space, Banish, Renounce Religion


You were on level 5 of the Dungeon.
You worshipped Lugonu.
Lugonu was most pleased with you.
You were not hungry.

You visited 1 branch of the dungeon, and saw 6 of its levels.
You visited the Abyss 1 time.
You also visited: Sewer.

You collected 196 gold pieces.

Inventory:

Hand Weapons
 a - a +1 hand axe
 e - a +0 great mace
 p - a +2 dagger of venom
 D - a cursed +0 war axe (weapon)
Missiles
 w - 2 javelins of returning (quivered)
Armour
 b - a +1 leather armour (worn)
 x - a +0 ring mail
 A - a scarf of cloud immunity (worn)
Magical Staves
 u - an uncursed staff of energy
Jewellery
 d - a +3 ring of evasion (left hand)
 g - an uncursed ring of wizardry
 n - an uncursed ring of ice
 o - an uncursed ring of magical power
 z - a ring of protection from fire (right hand)
Scrolls
 f - a scroll of blinking {unknown}
 h - 2 scrolls of recharging
 k - a scroll of amnesia
 l - a scroll of magic mapping
 s - a scroll of enchant weapon
 t - a scroll of enchant armour
 y - a scroll of remove curse {unknown}
Potions
 m - a potion of heal wounds {unknown}
 r - 3 potions of brilliance
 v - a potion of resistance {unknown}
 B - a potion of haste
Comestibles
 c - 6 bread rations
 j - 4 meat rations
 q - a fruit


   Skills:
 + Level 4.8(4.2) Fighting
 * Level 4.4(3.8) Axes
 + Level 3.9(3.3) Armour
 + Level 3.2(2.6) Dodging
 + Level 5.7(5.1) Invocations


You had 6 spell levels left.
You didn't know any spells.

Dungeon Overview and Level Annotations

Branches:
Dungeon (6/15)
 Temple: D:4-7

Altars:
Makhleb
Wu Jian

Annotations:
D:2 1 runed door, Sigmund


Innate Abilities, Weirdness & Mutations

You have a pair of horns on your head.
You are immune to rotting.
Your mind is very acute. (Int +4)
You are resistant to electric shocks. (rElec)
You do not regenerate when monsters are visible.


Message History

You hit the worker ant but do no damage.
The worker ant is moderately wounded.
The worker ant bites you.
* * * LOW HITPOINT WARNING * * *
You are poisoned.
The worker ant poisons you!
You hit the worker ant but do no damage.
The worker ant is moderately wounded.
* * * LOW HITPOINT WARNING * * *
You feel sick. The worker ant barely misses you. The worker ant bites you.
* * * LOW HITPOINT WARNING * * *
Unknown command.
You barely miss the worker ant.
The worker ant is moderately wounded.
* * * LOW HITPOINT WARNING * * *
You feel sick. The worker ant completely misses you.
You closely miss the worker ant.
The worker ant is moderately wounded.
The worker ant misses you. The worker ant bites you.
You die...

#..#...#.#.#.รท.##..#.
###....#...#...#......#
#...##.#.#...#.#.#.....
#.################..###
##.#######.# #>#####T#
#.......##.###....##(#
#..................((#
#.......####.#c...##(###
#.#...a@.......#.....c.. ***
***#..........#.........### ,,*
*,..........#.........##).. *,*
*,##........#.......#.##c#.
*,*****,*#.............####.##(#.
,,,,,,,,,.##.####.#.##.# #......
*,**,**,*,*#.,,,,...,..# ####(##
*,**,**,*,*.,***,..,.#** #...
,,,,,,,,,,,,**,**,,,,* ####


You could see a centaur (wandering) and a worker ant.

Vanquished Creatures
  A phantom (D:4)
  A centaur (D:6)
  2 bullfrogs (Sewer)
  A water moccasin skeleton (D:5)
  3 wights (D:6)
  A howler monkey (D:4)
  2 hounds
  A bullfrog skeleton (D:6)
  A gnoll shaman (D:4)
  2 worker ants (D:4)
  7 gnolls
  A river rat (D:5)
  5 adders
  A shadow imp (D:6)
  An adder skeleton (D:4)
  An adder zombie (D:5)
  4 worms
  3 dart slugs
  6 leopard geckos
  5 orcs
  8 bats
  11 giant cockroaches
  11 goblins
  4 hobgoblins
  A jackal (D:5)
  4 ball pythons
  18 frilled lizards
  10 kobolds
  A leopard gecko zombie (D:4)
  A quokka skeleton (D:6)
  A quokka zombie (D:5)
  6 rats
125 creatures vanquished.

Notes
Turn   | Place    | Note
-------+----------+-------------------------------------------
     0 | Abyss:1  | graymark the Demonspawn Abyssal Knight began the quest for the Orb.
     0 | Abyss:1  | Reached XP level 1. HP: 18/18 MP: 2/2
    34 | Abyss:3  | Found a corrupted altar of Lugonu.
    46 | Abyss:3  | Noticed a raiju
    47 | Abyss:3  | Noticed a rust devil
    51 | Abyss:3  | Noticed an efreet
    51 | Abyss:3  | Noticed a hell hound
    51 | Abyss:3  | Noticed a hell hound
    51 | D:1      | Escaped the Abyss
   236 | D:1      | Reached skill level 3 in Invocations
   277 | D:1      | Gained mutation: You have a pair of small horns on your head. [demonic ancestry]
   277 | D:1      | Reached XP level 2. HP: 13/24 MP: 4/4
   603 | D:1      | Reached * piety under Lugonu
  1365 | D:1      | Reached skill level 1 in Dodging
  1636 | D:2      | Reached XP level 3. HP: 18/29 MP: 5/5
  1812 | D:2      | Found a runed door.
  2087 | D:2      | Noticed Sigmund
  2116 | D:2      | HP: 1/43 [something/puff of flame (9)]
  2466 | D:3      | Found a faded altar of an unknown god.
  2709 | D:2      | Gained mutation: You are immune to rotting. [demonic ancestry]
  2709 | D:2      | Reached XP level 4. HP: 19/35 MP: 6/6
  3239 | D:3      | Found an ornate altar of the Wu Jian Council.
  3680 | D:3      | Found a burning altar of Makhleb.
  3680 | D:3      | Noticed an Executioner
  3883 | D:4      | Reached ** piety under Lugonu
  4602 | D:4      | Noticed a phantom
  4715 | D:4      | Reached skill level 4 in Invocations
  4715 | D:4      | Reached XP level 5. HP: 35/42 MP: 8/8
  4974 | D:4      | Gained mutation: You do not regenerate when monsters are visible. [potion of mutation]
  4974 | D:4      | Gained mutation: Your mind is acute. (Int +2) [potion of mutation]
  4974 | D:4      | Gained mutation: Your mind is very acute. (Int +4) [potion of mutation]
  4974 | D:4      | Gained mutation: You are resistant to electric shocks. (rElec) [potion of mutation]
  5145 | D:4      | Reached XP level 6. HP: 15/48 MP: 9/9
  5594 | D:5      | Entered Level 5 of the Dungeon
  6193 | D:5      | Found a glowing drain.
  6197 | Sewer    | Entered a sewer
  6777 | Sewer    | Reached skill level 5 in Invocations
  6780 | Sewer    | Gained mutation: You have a pair of horns on your head. [demonic ancestry]
  6780 | Sewer    | Reached XP level 7. HP: 18/55 MP: 10/10
  7294 | D:5      | Reached *** piety under Lugonu
  8174 | D:5      | Noticed a troll
  8998 | D:5      | HP: 2/55 [worker ant (4)]
  9003 | D:5      | Slain by a worker ant

Vault maps used:
D:1:      minmay_arrival_split_and_join
D:2:      minivault_11, uniq_natasha, uniq_sigmund, uniq_crazy_yiuf_cottage
D:3:      makhleb_altar_promises_db, lemuel_doored_altar,
          chequers_ecumenical_altar_island, first_bread
D:5:      gup_sewer_entry_bowl, serial_shops, kennysheep_little_box,
          minmay_misc_feat_alley, hangedman_decor_diamond_cutter,
          nemelex_spade_bored_becter
Abyss:2:  guppyfry_abyss_exit_spiral_guarded
Abyss:3:  bh_abyss_exit_choice, nicolae_abyss_rune_left_handed, abyss_exit_lava,
          hangedman_decor_points
Sewer:    sewer_frog_island_01

Skill      XL: |  1  2  3  4  5  6  7 |
---------------+----------------------+-----
Invocations    | 3 4 5 |  5.7
Armour         | 2 3 |  3.9
Dodging        | 1 2 3 |  3.2
Axes           | 2 3 4 |  4.4
Fighting       | 4 |  4.8

Action                   |  1- 3 |  4- 6 |  7- 9 || total
-------------------------+-------+-------+-------++-------
Melee: Hand axe          |   142 |   100 |       ||   242
       Dagger            |     9 |       |       ||     9
       Headbutt          |    13 |    33 |    12 ||    58
       War axe           |       |   143 |   107 ||   250
Invok: Depart the Abyss  |     1 |       |       ||     1
       Bend Space        |       |       |     1 ||     1
  Use: Scroll            |     6 |     8 |       ||    14
       Potion            |     2 |     2 |     2 ||     6
 Stab: Sleeping          |     1 |     1 |       ||     2
  Eat: Chunk             |     4 |     9 |     5 ||    18
       Royal jelly       |     1 |       |       ||     1
       Bread ration      |       |     1 |       ||     1
       Fruit             |       |       |     2 ||     2
Armor: Leather armour    |    34 |    36 |    22 ||    92
       Skin              |    22 |    25 |       ||    47
Dodge: Dodged            |   113 |   164 |    82 ||   359
